 Dungeon Crawl Stone Soup version 0.24-a0-292-g5c6fb1c (webtiles) character file.

Game seed: 11348669150856061171

20378 tilp the Covert (level 12, -3/60 HPs)
             Began as a Spriggan Enchanter on May 10, 2019.
             Was a High Priest of Dithmenos.
             Slain by an ice devil (6 damage)
             ... in a Gauntlet.
             The game lasted 00:54:37 (14845 turns).

tilp the Covert (Spriggan Enchanter)               Turns: 14845, Time: 00:54:38

Health: -3/60      AC:  9    Str:  4    XL:     12   Next: 44%
Magic:  11/22      EV: 31    Int: 26    God:    Dithmenos [*****.]
Gold:   103        SH:  7    Dex: 18    Spells: 1/23 levels left

rFire    + . .     SeeInvis +   D - +3 rapier "Beastbane" {freeze, +Rage Int+6} (curse)
rCold    + . .     Gourm    .   e - +0 buckler
rNeg     . . .     Faith    .   V - +2 robe {rC+}
rPois    .         Spirit   .   y - +2 hat
rElec    .         Reflect  .   S - +2 cloak
rCorr    .         Harm     .   (gloves unavailable)
MR       ++...     NoTele   +   (boots unavailable)
Stlth    +++++++++.             (no amulet)
HPRegen  0.20/turn              O - +1 ring of evasion
MPRegen  0.18/turn              H - ring of protection from fire

@: wreathed by umbra, very quick
A: very small, unfitting armour, see invisible, herbivore, speed 3, slow
metabolism 2
a: Shadow Step, Shadow Form, Renounce Religion, Evoke Berserk Rage


You were in a Gauntlet.
You worshipped Dithmenos.
Dithmenos was extremely pleased with you.
You were very hungry.

You visited 4 branches of the dungeon, and saw 17 of its levels.
You also visited: Gauntlet.

You collected 832 gold pieces.
You spent 729 gold pieces at shops.

Inventory:

Hand Weapons
 a - the +1 dagger "Ynaib" {speed, rC+ rN+ Dex-2 Stlth+}
   (You bought it in a shop on level 4 of the Dungeon)

   Attacks with this weapon are significantly faster.
   It affects your dexterity (-2).
   It protects you from cold.
   It protects you from negative energy.
   It makes you more stealthy.
 b - a +2 dagger of draining
 D - the cursed +3 rapier "Beastbane" (weapon) {freeze, +Rage Int+6}
   (You bought it in a shop on level 4 of the Dungeon)

   It has been specially enchanted to freeze those struck by it, causing extra
   injury to most foes and up to half again as much damage against particularly
   susceptible opponents.
   It can also slow down cold-blooded creatures.
   It affects your intelligence (+6).
   It lets you go berserk.
   It has a curse placed upon it.
Missiles
 d - 246 stones (quivered)
Armour
 e - a +0 buckler (worn)
 y - a +2 hat (worn)
 L - +0 acid dragon scales
 N - the +1 robe of Servitude {rN+}
   (You bought it in a shop on level 9 of the Dungeon)

   It protects you from negative energy.
 S - a +2 cloak (worn)
 V - a +2 robe of cold resistance (worn)
Magical Staves
 P - an uncursed staff of summoning {unknown}
 U - an uncursed staff of earth {unknown}
Jewellery
 G - a +2 ring of dexterity
 H - a ring of protection from fire (right hand)
 O - a +1 ring of evasion (left hand)
 W - an uncursed ring of poison resistance {unknown}
 X - an uncursed amulet of guardian spirit
Wands
 o - a wand of enslavement (13)
 t - a wand of polymorph (6)
 E - a wand of clouds (4)
 K - a wand of flame (18)
 R - a wand of acid (7)
Scrolls
 f - 10 scrolls of remove curse
 l - a scroll of enchant armour
 p - 3 scrolls of amnesia
 w - a scroll of fear
 A - a scroll of brand weapon {unknown}
 B - a scroll of immolation {unknown}
 C - a scroll of enchant weapon
 J - a scroll of fog
Potions
 g - a potion of resistance
 h - a potion of haste {unknown}
 k - a potion of cancellation {unknown}
 m - 6 potions of heal wounds
 q - 3 potions of invisibility
 r - 2 potions of might {unknown}
 u - 3 potions of flight
 v - 11 potions of curing
 x - 5 potions of lignification
 z - 2 potions of ambrosia {unknown}
 I - a potion of brilliance {unknown}
Miscellaneous
 F - a lamp of fire (inert)
 M - a phial of floods
 Q - a fan of gales
Comestibles
 c - 20 rations


   Skills:
 + Level 5.9 Fighting
 - Level 10.0 Short Blades
 * Level 14.0 Dodging
 + Level 14.8 Stealth
 - Level 4.0 Shields
 - Level 6.0 Spellcasting
 - Level 10.0 Hexes


You had one spell level left.
You knew the following spells:

 Your Spells              Type           Power        Failure   Level  Hunger
a - Invisibility          Hex            ######..     22%         6    ######.
b - Ensorcelled Hibernat  Hex/Ice        ####..       1%          2    None
c - Confuse               Hex            ######..     1%          3    None
d - Tukima's Dance        Hex            ######..     1%          3    None
e - Dazzling Spray        Conj/Hex       ####..       3%          3    None
f - Apportation           Tloc           #.....       9%          1    None
g - Summon Butterflies    Summ           #.......     9%          1    None
h - Ozocubu's Armour      Chrm/Ice       #.......     26%         3    None

Your spell library contained the following spells:

 Spells                   Type           Power        Failure   Level  Hunger
 Corona                   Hex            ######.      1%          1    None
 Freeze                   Ice            #...         9%          1    None
 Magic Dart               Conj           #...         9%          1    None
 Fulminant Prism          Conj/Hex       ####......   11%         4    ###....
 Searing Ray              Conj           #.....       13%         2    None
 Throw Frost              Conj/Ice       #.....       13%         2    None
 Lesser Beckoning         Tloc           #.........   26%         3    None
 Force Lance              Conj/Tloc      #.......     63%         4    ###....
 Iskenderun's Mystic Bla  Conj           #.......     63%         4    ###....
 Summon Ice Beast         Ice/Summ       #.......     63%         4    ###....
 Throw Icicle             Conj/Ice       #.......     63%         4    ###....
 Alistair's Intoxication  Tmut/Pois      #.......     93%         5    #####..


Dungeon Overview and Level Annotations

Branches:
Dungeon (11/15)            Temple (1/1) D:4            Lair (4/6) D:8
 Shoals (0/4) Lair:2        Snake (0/4) Lair:4          Orc (1/2) D:9

Altars:
Ashenzari
Cheibriados
Dithmenos
Elyvilon
Fedhas
Gozag
Hepliaklqana
Kikubaaqudgha
Makhleb
Nemelex Xobeh
Okawaru
Qazlal
Ru
Sif Muna
Trog
Uskayaw
Vehumet
Wu Jian
Xom
Yredelemnul
Zin
The Shining One

Shops:
D:4 (   D:8 }   D:9 ([!!   D:11 !

Annotations:
D:11 Erolcha
Lair:2 exclusion: water moccasin, Gastronok
Orc:1 exclusion: troll, Sonja Gauntlet 5 transporters, exclusion: orange crystal statue


Innate Abilities, Weirdness & Mutations

You are very small and have problems with some larger weapons.
You are too small for most types of armour.
You have supernaturally acute eyesight. (SInv)
You are a herbivore.
You cover ground extremely quickly.
You need to consume almost no food.


Message History

The puff of frost misses you.
You barely miss the ice devil.
The ice devil is moderately wounded.
The demonic plant is engulfed in blazing flames.
The ice devil completely misses you.
You hit the ice devil but do no damage.
The ice devil is moderately wounded.
The demonic plant is engulfed in blazing flames.
The white imp disappears for a moment.
The ice devil hits you!
* * * LOW HITPOINT WARNING * * *
The ice devil freezes you. You resist.
* * * LOW HITPOINT WARNING * * *
You feel much better.
The demonic plant is engulfed in blazing flames.
The white imp gestures at you. The puff of frost hits you. You resist.
The ice devil hits you!
* * * LOW HITPOINT WARNING * * *
The ice devil freezes you. You resist.
You die...

#...#..###########...#########
.##.©.#≈...........§.§..........
......#∩...........§§8≈........∩
#.©.#≈............§§§.........
#...#..###########§.§#########
.##...#..#.........#...#...#.#..
....8.#..#..PP..PP.#...#..#...#.
.##...#..#[.#P.P#..#...#.##...##
#.8.#..#?.P5.@PP.#...#..##.#.Q
#...#..#©...§4P..#...#©.#.©...
#§8≈#..#..P☼§.PP.#...#..##.#..
#####..#.P#P§P#P.#...#.##...##
###..#..§§§.○P.#...#..#...#.
#8#..#.....○...#...#..)#.#..
###..###########...#########
#.....#.©.#....§§...#.©.#.
###...8.#...#.8.≈8≈.8.#...#.


You could see an ice devil and a white imp.

Vanquished Creatures
  2 tengu warriors
  A wizard (Gauntlet)
  An unseen horror (D:10)
  3 ugly things (D:11)
  A moth of wrath (Gauntlet)
  Joseph (D:7)
  4 spiny frogs
  A centaur skeleton (D:10)
  A rime drake (Lair:3)
  A troll (D:11)
  4 blink frogs (Lair:1)
  7 hippogriffs
  A vampire (D:9)
  18 yaks
  A human (D:7)
  3 wyverns
  4 hogs (D:7)
  4 hungry ghosts
  4 water moccasins
  An acid dragon (D:11)
  2 nagas (Lair:4)
  6 porcupines
  An orc warrior (D:11)
  3 sky beasts
  A necrophage (D:8)
  2 ice beasts
  3 black bears (D:8)
  5 phantoms
  10 wolves
  6 ogres
  7 crocodiles
  7 centaurs
  A big kobold (D:11)
  6 bullfrogs
  6 scorpions
  9 killer bees
  3 howler monkeys
  9 wights
  2 crimson imps
  2 hounds
  2 jellies
  4 orc priests
  7 orc wizards
  3 bullfrog skeletons
  6 iguanas
  12 worker ants
  A hound skeleton (D:11)
  2 worker ant zombies
  3 gnolls (D:9)
  11 adders
  2 shadow imps
  A white imp (Gauntlet)
  5 oozes
  4 adder skeletons
  5 worms
  2 dart slugs
  3 leopard geckos
  33 orcs
  7 giant cockroaches
  9 goblins
  3 hobgoblins
  18 jackals
  3 quokkas
  4 bats
  5 frilled lizards
  8 kobolds
  8 rats
325 creatures vanquished.

Vanquished Creatures (others)
  2 demonic plants (Gauntlet)
  7 fungi
9 creatures vanquished.

Grand Total: 334 creatures vanquished

Notes
Turn   | Place    | Note
-------+----------+-------------------------------------------
     0 | D:1      | tilp the Spriggan Enchanter began the quest for the Orb.
     0 | D:1      | Reached XP level 1. HP: 9/9 MP: 5/5
     3 | D:1      | Found a runed translucent door.
   125 | D:1      | Reached XP level 2. HP: 4/13 MP: 2/7
   129 | D:1      | Learned a level 2 spell: Ensorcelled Hibernation
  1247 | D:2      | Reached skill level 5 in Stealth
  1247 | D:2      | Reached XP level 3. HP: 6/16 MP: 1/9
  1252 | D:2      | Learned a level 3 spell: Confuse
  1256 | D:2      | Learned a level 3 spell: Tukima's Dance
  1483 | D:2      | Found a bloodstained altar of Trog.
  1599 | D:2      | Reached XP level 4. HP: 21/21 MP: 6/11
  2628 | D:2      | Reached XP level 5. HP: 16/24 MP: 0/12
  3355 | D:4      | Found a staircase to the Ecumenical Temple.
  3365 | D:4      | Reached XP level 6. HP: 28/28 MP: 11/13
  3381 | Temple   | Entered the Ecumenical Temple
  3582 | Temple   | Became a worshipper of Dithmenos the Shadowed
  3599 | D:4      | Found Edghustoawk's Antique Weapon Emporium.
  3704 | D:4      | Reached skill level 1 in Shields
  3833 | D:4      | Reached skill level 5 in Short Blades
  3833 | D:4      | Reached XP level 7. HP: 27/32 MP: 14/14
  4260 | D:5      | Entered Level 5 of the Dungeon
  4350 | D:5      | Reached * piety under Dithmenos
  4360 | D:5      | Found a shattered altar of Ashenzari.
  4584 | D:4      | Bought a faintly glowing dagger for 140 gold pieces
  4584 | D:4      | Identified the cursed +1 dagger "Ynaib" {speed, rC+ rN+
                  | Dex-2 Stlth+} (You bought it in a shop on level 4 of the
                  | Dungeon)
  4665 | D:5      | Reached XP level 8. HP: 33/36 MP: 12/15
  4959 | D:6      | Reached skill level 5 in Hexes
  5179 | D:6      | Reached skill level 5 in Spellcasting
  5258 | D:6      | Noticed a hippogriff
  5265 | D:6      | Killed a hippogriff
  5390 | D:6      | Found an opulent altar of Gozag.
  5684 | D:7      | Noticed Joseph
  5782 | D:7      | Learned a level 3 spell: Dazzling Spray
  5784 | D:7      | Learned a level 1 spell: Apportation
  5786 | D:7      | Learned a level 1 spell: Summon Butterflies
  6179 | D:7      | Reached skill level 1 in Fighting
  6181 | D:7      | Reached XP level 9. HP: 33/42 MP: 7/19
  6302 | D:7      | Reached skill level 5 in Dodging
  6304 | D:7      | Reached ** piety under Dithmenos
  6539 | D:4      | Bought a shimmering rapier for 180 gold pieces
  6539 | D:4      | Identified the cursed +3 rapier "Beastbane" {freeze, +Rage
                  | Int+6} (You bought it in a shop on level 4 of the Dungeon)
  6924 | D:8      | Found a deep blue altar of Sif Muna.
  7221 | D:8      | Found a staircase to the Lair.
  7509 | D:8      | Reached skill level 10 in Stealth
  7797 | D:8      | Reached XP level 10. HP: 33/49 MP: 8/20
  7920 | D:8      | Reached *** piety under Dithmenos
  8012 | D:8      | Found Guxeufu's Gadget Emporium.
  8182 | D:9      | Found a staircase to the Orcish Mines.
  8300 | D:9      | Found Zodetilo's Antique Weapon Boutique.
  8392 | D:9      | Found Angocuci's Distillery.
  8407 | D:9      | Bought a potion of lignification for 48 gold pieces
  8619 | D:9      | Found Fyd Fot's Antique Armour Shop.
  8948 | D:9      | Found Haesas Falur's Distillery.
  9085 | D:10     | Entered Level 10 of the Dungeon
  9101 | D:10     | Noticed an unseen horror
  9114 | D:10     | Killed an unseen horror
  9208 | D:9      | Learned a level 6 spell: Invisibility
  9534 | D:10     | Reached **** piety under Dithmenos
  9729 | D:10     | Reached skill level 10 in Dodging
  9729 | D:10     | Reached XP level 11. HP: 40/53 MP: 7/21
 10025 | D:10     | Got an encrusted rapier
 10110 | D:10     | Identified the +1 rapier of Maghir {freeze, rC+ Str+4
                  | Dex-4} (You found it on level 10 of the Dungeon)
 10251 | D:11     | Noticed a green ugly thing
 10268 | D:11     | Killed a green ugly thing
 10719 | D:11     | Found Fymurr's Distillery.
 10985 | D:11     | Noticed Erolcha
 11145 | D:11     | Noticed a cyan ugly thing
 11151 | D:11     | Noticed a tengu warrior
 11152 | D:11     | Killed a cyan ugly thing
 11155 | D:11     | Noticed a green ugly thing
 11176 | D:11     | Killed a tengu warrior
 11191 | D:11     | Killed a green ugly thing
 11442 | Orc:1    | Entered Level 1 of the Orcish Mines
 11456 | Orc:1    | Noticed Sonja
 11779 | Lair:1   | Entered Level 1 of the Lair of Beasts
 11840 | Lair:1   | Learned a level 3 spell: Ozocubu's Armour
 11946 | Lair:1   | Reached ***** piety under Dithmenos
 12087 | D:9      | Bought a creamy pearl robe for 148 gold pieces
 12087 | D:9      | Identified the +1 robe of Servitude {rN+} (You bought it in
                  | a shop on level 9 of the Dungeon)
 12301 | Lair:1   | Reached skill level 10 in Hexes
 12418 | Lair:1   | Reached skill level 5 in Fighting
 12630 | Lair:2   | Found a staircase to the Shoals.
 13051 | Lair:2   | Noticed Gastronok
 13163 | Lair:2   | Found the +8 lance "Wyrmbane" {slay drac, rPois rF+ rC+
                  | AC+3}
 13216 | Lair:2   | Reached XP level 12. HP: 60/60 MP: 22/22
 13356 | D:7      | Killed Joseph
 13417 | D:9      | Bought a runed robe for 96 gold pieces
 13725 | Lair:3   | Reached skill level 10 in Short Blades
 14211 | D:9      | Bought a cloak for 117 gold pieces
 14396 | Lair:4   | Found a gate leading to a gauntlet.
 14403 | Lair:4   | Found a staircase to the Snake Pit.
 14439 | Gauntlet | Entered a Gauntlet
 14439 | Gauntlet | Found a transporter.
 14439 | Gauntlet | Found a transporter.
 14439 | Gauntlet | Found a transporter.
 14443 | Gauntlet | Found a transporter.
 14443 | Gauntlet | Found a transporter.
 14446 | Gauntlet | Noticed a tengu warrior
 14454 | Gauntlet | Found a transporter.
 14475 | Gauntlet | Found a transporter.
 14497 | Gauntlet | Found a transporter.
 14515 | Gauntlet | Found a transporter.
 14523 | Gauntlet | Found a transporter.
 14541 | Gauntlet | Found a transporter.
 14600 | Gauntlet | Found a transporter.
 14662 | Gauntlet | Killed a tengu warrior
 14845 | Gauntlet | HP: 3/60 [ice devil (15)]
 14845 | Gauntlet | Slain by an ice devil

Levels and vault maps discovered:
D:1:      dpeg_arrival_caged_fury, layout_basic, minmay_curled_crystal
D:2:      layout_loops_ring, bloody_trog, minmay_tetromino_t2
D:3:      layout_loops_ring
D:4:      layout_loops_cross, minmay_temple_entry_wispy, first_ration,
          serial_shops, shop
D:5:      layout_basic, nicolae_ashenzari_panopticon
D:6:      layout_loops_ring, grunt_gozag_statues
D:7:      layout_rooms, grunt_livestock, uniq_joseph
D:8:      layout_rooms, due_lair_maze_entry_diamond, basic_altar, serial_shops,
          kennysheep_mini_moat
D:9:      layout_basic, orc_0_dummy, serial_shops, nicolae_shop_trees,
          kennysheep_mini, nicolae_shop_stone, shop
D:10:     layout_cave_pools
D:11:     layout_irregular_city, serial_shops, shop, solitary_fountain,
          uniq_erolcha
Temple:   nicolae_temple_the_god_donut
Lair:1:   layout_regular_city
Lair:2:   layout_hall_layers, minmay_shoals_entry_centaurs, lemuel_fruit_fields,
          uniq_gastronok
Lair:3:   layout_misc_corridors
Lair:4:   layout_long_grid, minmay_snake_entry_guardpost_small,
          gauntlet_entry_generic, grunt_megastairs_3, uniq_nessos, uniq_snorg
Orc:1:    layout_caves, basic_altar, uniq_sonja
Gauntlet: gammafunk_gauntlet_shortcut [nicolae_gauntlet_arena_flowing_pool,
          gammafunk_gauntlet_arena_corners, gammafunk_gauntlet_arena_chambers,
          gammafunk_gauntlet_arena_teeth, nicolae_gauntlet_arena_blocks,
          gammafunk_gauntlet_arena_hedges, gauntlet_exit_watery]

Skill      XL: |  1  2  3  4  5  6  7  8  9 10 11 12 |
---------------+-------------------------------------+-----
Spellcasting   | 3 4 6 |  6.0
Stealth        | 5 6 7 8 10 12 14 | 14.8
Short Blades   | 2 3 4 5 7 8 9 10 | 10.0
Shields        | 1 4 |  4.0
Hexes          | 4 8 10 | 10.0
Fighting       | 1 3 5 |  5.9
Dodging        | 4 8 10 12 14 | 14.0

Action                   |  1- 3 |  4- 6 |  7- 9 | 10-12 || total
-------------------------+-------+-------+-------+-------++-------
Melee: Dagger            |   105 |   213 |   217 |       ||   535
       Rapier            |       |       |   138 |   304 ||   442
Throw: Stone             |     2 |       |       |     6 ||     8
 Cast: Corona            |    12 |    15 |     2 |       ||    29
       Ensorcelled Hiber |    17 |    32 |    61 |   116 ||   226
       Confuse           |       |       |    16 |    33 ||    49
       Apportation       |       |       |       |     1 ||     1
       Dazzling Spray    |       |       |       |     1 ||     1
Evoke: Wand              |       |       |     3 |     1 ||     4
       Lamp of fire      |       |       |       |     1 ||     1
  Use: Scroll            |       |     6 |    10 |    12 ||    28
       Potion            |       |       |       |     1 ||     1
 Stab: Sleeping          |    16 |    26 |    46 |   106 ||   194
       Confused          |       |       |    12 |    18 ||    30
       Distracted        |       |       |     2 |     4 ||     6
  Eat: Ration            |       |     1 |     3 |     3 ||     7
Armor: Robe              |    11 |    14 |    12 |    10 ||    47
Dodge: Dodged            |    57 |   149 |   183 |   176 ||   565
Block: Buckler           |       |       |    58 |    57 ||   115

Table legend:
 A = Non-vault XP
 B = Vault XP
 C = Vault XP percentage of total XP
 D = Non-vault monster count
 E = Vault monster count
 F = Vault count percentage of total count
                 A         B        C        D         E       F
            +---------+---------+-------+---------+---------+-------
      Total |   23283 |    5829 |  20.0 |     281 |      44 |  13.5
            +---------+---------+-------+---------+---------+-------
        D:1 |      34 |      46 |  57.5 |      20 |      14 |  41.2
        D:2 |     107 |       2 |   1.8 |      21 |       1 |   4.5
        D:3 |     132 |       0 |   0.0 |      20 |       0 |   0.0
        D:4 |     577 |       0 |   0.0 |      25 |       0 |   0.0
        D:5 |     691 |       0 |   0.0 |      16 |       0 |   0.0
        D:6 |     638 |       0 |   0.0 |      11 |       0 |   0.0
        D:7 |     165 |    1439 |  89.7 |      11 |       6 |  35.3
        D:8 |    1631 |    1108 |  40.5 |      25 |       9 |  26.5
        D:9 |    2458 |       0 |   0.0 |      29 |       0 |   0.0
       D:10 |    4195 |       0 |   0.0 |      27 |       0 |   0.0
       D:11 |    4963 |       0 |   0.0 |      36 |       0 |   0.0
     Lair:1 |    2730 |       0 |   0.0 |      14 |       0 |   0.0
     Lair:2 |    1093 |     348 |  24.1 |       7 |       3 |  30.0
     Lair:3 |    3764 |       0 |   0.0 |      18 |       0 |   0.0
     Lair:4 |     105 |     314 |  74.9 |       1 |       2 |  66.7
   Gauntlet |       0 |    2572 | 100.0 |       0 |       9 | 100.0
            +---------+---------+-------+---------+---------+-------
